Map: Romanticide LE

Players

Vanya

  • Race: Zerg Zerg

uThermal - Winner!

  • Race: Terran Terran

Event: DreamHack SC2 Masters 2021 Winter

VOD

Have the link to the VOD?

Description

Time

  • Played on: Oct. 13, 2021, 2:37 p.m.
  • Length: 10:06

All games in this series

Show
View Real Time Build Order
Export as new Build Order

Vanya Zerg 

Build Orders: Hatch First 

Get SALT Encoding   

  12  0:00  Drone  
  13  0:12  Overlord  
  13  0:17  Drone  
  14  0:30  Drone x2  
  16  0:48  Hatchery  
  15  0:50  Drone  
  15  0:55  Drone  
  17  0:58  Drone  
  18  1:08  Extractor  
  17  1:13  Spawning Pool  
  17  1:16  Drone  
  17  1:19  Drone  
  18  1:28  Drone  
  19  2:00  Zergling x6, Queen x2  
  26  2:13  Zergling x2  
  27  2:26  Overlord  
  27  2:28  Zergling x2  
  28  2:43  Spine Crawler  
  27  2:49  Zergling x10  
  30  2:57  Queen  
  32  3:04  Zergling x4  
  32  3:12  Overlord  
  32  3:13  Drone  
  33  3:22  Drone  
  33  3:23  Drone  
  35  3:29  Metabolic Boost  
  35  3:32  Drone x2  
  37  3:35  Drone  
  37  3:38  Drone  
  39  3:44  Drone  
  39  3:45  Drone  
  41  3:54  Drone  
  41  3:56  Drone  
  41  4:00  Drone  
  43  4:07  Overlord  
  42  4:11  Drone x4  
  42  4:13  Drone  
  42  4:15  Drone  
  42  4:21  Lair  
  40  4:24  Queen  
  40  4:28  Extractor  
  40  4:29  Drone x2  
  40  4:30  Extractor  
  42  4:33  Drone x2  
  44  4:44  Drone x2, Extractor  
  45  4:56  Roach Warren  
  45  4:59  Zergling x4  
  46  5:00  Queen  
  46  5:04  Zergling x4, Overlord  
  50  5:11  Zergling x4  
  52  5:19  Spire  
  52  5:20  Overlord  
  51  5:21  Drone  
  51  5:28  Drone x3  
  49  5:35  Drone x3  
  41  5:42  Drone  
  39  5:44  Nydus Network  
  39  5:47  Drone  
  39  5:49  Drone  
  36  5:59  Roach x3  
  42  6:06  Evolution Chamber  
  42  6:09  Roach  
  43  6:12  Roach  
  43  6:16  Roach  
  48  6:18  Roach  
  48  6:22  Nydus Canal  
  48  6:25  Roach  
  52  6:28  Roach  
  52  6:30  Ravager x3  
  57  6:33  Roach  
  57  6:37  Overlord  
  59  6:43  Overseer  
  59  6:46  Overlord  
  59  6:51  Overlord  
  59  6:53  Overlord  
  59  6:56  Nydus Canal  
  59  7:02  Roach  
  59  7:05  Roach  
  63  7:09  Roach  
  63  7:13  Roach  
  67  7:25  Roach x2  
  67  7:27  Queen  
  61  7:34  Glial Reconstitution  
  61  7:35  Roach  
  61  7:36  Roach  
  65  7:43  Overseer  
  65  7:44  Roach  
  65  7:48  Roach  
  69  7:52  Roach  
  69  7:55  Ravager  
  69  7:57  Roach  
  74  8:02  Roach  
  76  8:10  Roach  
  76  8:12  Ravager  
  79  8:14  Zergling x2  
  79  8:19  Ravager, Overlord  
  81  8:23  Roach  
  83  8:29  Roach  
  83  8:31  Nydus Canal  
  83  8:41  Roach x2  
  87  8:43  Ravager  
  87  8:47  Overlord  
  88  8:53  Roach  
  89  9:02  Roach  
  90  9:08  Ravager x2  
  89  9:12  Roach  
  88  9:18  Overlord  
  86  9:26  Nydus Canal  
  86  9:29  Roach  
  72  9:35  Roach  
  64  9:42  Roach  
  64  9:47  Ravager  
Show
View Real Time Build Order
Export as new Build Order

uThermal Terran - Winner!

Build Orders:  

Get SALT Encoding   

  12  0:00  SCV  
  13  0:12  SCV  
  14  0:17  Supply Depot  
  14  0:24  SCV  
  15  0:40  Barracks  
  15  0:50  Barracks  
  15  0:54  SCV  
  16  1:05  Refinery  
  16  1:06  SCV  
  17  1:18  SCV  
  18  1:27  Marine  
  18  1:30  Orbital Command  
  19  1:35  Supply Depot  
  19  1:38  Marine  
  20  1:45  Marine  
  21  1:56  SCV  
  21  1:57  Marine  
  23  2:02  Bunker  
  23  2:03  Marine  
  24  2:12  Factory  
  24  2:13  SCV  
  25  2:15  Bunker  
  25  2:18  Marine  
  26  2:25  SCV, Marine  
  28  2:35  Marine  
  29  2:38  SCV  
  29  2:39  Bunker  
  29  2:42  Marine  
  30  2:53  Marine  
  30  3:01  Marine  
  31  3:11  Factory Reactor  
  31  3:12  Starport  
  31  3:13  Supply Depot  
  31  3:35  SCV  
  32  3:42  Command Center  
  32  3:45  Supply Depot  
  32  3:47  SCV  
  33  3:58  Hellion x2  
  33  3:59  SCV  
  38  4:11  SCV  
  38  4:16  Medivac  
  38  4:19  Hellion x2  
  38  4:23  SCV, Refinery  
  43  4:39  SCV  
  43  4:41  Hellion  
  46  4:47  Starport Tech Lab  
  46  4:50  Barracks Tech Lab  
  46  4:51  SCV  
  47  4:54  Hellion  
  47  4:56  Orbital Command  
  49  5:02  Hellion  
  49  5:03  SCV  
  49  5:05  Viking  
  54  5:10  Marine  
  54  5:11  Stimpack  
  55  5:18  SCV  
  55  5:20  Supply Depot  
  56  5:21  Hellion  
  56  5:25  Hellion  
  60  5:32  SCV  
  59  5:36  SCV  
  56  5:43  Hellion  
  56  5:44  SCV  
  56  5:47  Hellion  
  56  5:48  SCV  
  62  5:56  SCV  
  63  6:00  SCV  
  63  6:01  Command Center  
  64  6:04  Hellion  
  64  6:08  Hellion  
  66  6:13  Marine  
  66  6:16  Supply Depot  
  68  6:22  Starport Reactor  
  67  6:26  Armory  
  67  6:29  Hellion  
  67  6:31  Marauder  
  69  6:37  Hellion  
  69  6:39  Supply Depot  
  69  6:40  Medivac  
  71  6:50  Hellion  
  73  6:58  Hellion  
  70  7:12  Hellion  
  71  7:17  SCV  
  68  7:29  SCV  
  70  7:35  Command Center  
  70  7:36  Starport Reactor, Barracks  
  69  7:38  SCV, Barracks  
  69  7:41  SCV  
  69  7:42  Factory Tech Lab  
  71  7:46  Marine  
  71  7:47  Combat Shield  
  71  7:50  SCV  
  73  7:53  SCV  
  73  7:54  Hellion x2  
  74  8:03  SCV, Siege Tank, Bunker  
  74  8:04  Marine  
  74  8:05  SCV  
  80  8:15  SCV  
  80  8:17  SCV  
  82  8:21  Marine  
  82  8:26  Starport Reactor  
  83  8:27  SCV  
  83  8:29  SCV  
  83  8:34  Refinery, Marine  
  85  8:38  Refinery, Engineering Bay  
  85  8:40  Supply Depot, Engineering Bay  
  85  8:41  Supply Depot  
  86  8:42  Supply Depot  
  86  8:43  SCV, Marine  
  86  8:46  Siege Tank, Marine x3  
  92  8:48  Orbital Command  
  92  8:50  SCV  
  92  8:52  Marine  
  94  9:00  Marine  
  95  9:04  Marine x2  
  95  9:06  Marine  
  98  9:13  Marine  
  98  9:15  Supply Depot, Medivac  
  101  9:17  Medivac  
  101  9:18  Marine  
  101  9:19  Siege Tank  
  101  9:22  Marine  
  87  9:38  Marine x2  
  75  9:39  Marine x2  
  75  9:41  Marine  

Tags
 
Add a new tag
Caveats
  • Supply blocks, unpowered buildings, or Contaminate may cause inaccurate times.
  • Supply counts are checked every 10 seconds.